 Seeded DCSS version 0.28.0-43-g3370ac3207 (webtiles) character file.

Game seed: 7121082916606783627 (custom seed)

2 gzilladon the Chopper (level 1, 0/20 HPs)
             Began as a Hill Orc Monk on Mar 30, 2022.
             Slain by a giant cockroach (2 damage)
             ... on level 4 of the Dungeon.
             The game lasted 00:00:44 (76 turns).

gzilladon the Chopper (Hill Orc Monk)                 Turns: 76, Time: 00:00:45

Health: 0/20       AC: -6    Str: 13    XL:     1   Next: 40%
Magic:  1/1        EV: 12    Int: 10    God:
Gold:   0          SH:  0    Dex: 13    Spells: 0/0 levels left

rFire   . . .      SeeInvis .   a - +0 hand axe
rCold   . . .      Faith    .   (no shield)
rNeg    . . .      Spirit   .   b - +0 robe
rPois   .          Reflect  .   (no helmet)
rElec   .          Harm     .   (no cloak)
rCorr   .          Rampage  .   (no gloves)
Will    .....                   (no boots)
Stlth   ++........              (no amulet)
HPRegen 0.06/turn               (no ring)
MPRegen 0.07/turn               (no ring)

@: corroded
A: no striking features
a: no special abilities


You were on level 4 of the Dungeon.
You visited 1 branch of the dungeon, and saw 4 of its levels.

Inventory:

Hand Weapons
 a - a +0 hand axe (weapon)
Armour
 b - a +0 robe (worn)


   Skills:
 + Level 3.7 Fighting
 + Level 4.1 Axes
 + Level 2.4 Dodging
 + Level 1.5 Stealth


You couldn't memorise any spells.
You didn't know any spells.
Your spell library was empty.

Dungeon Overview and Level Annotations

Branches:
Dungeon (4/15)
 Temple: D:4-7

Altars:


Message History

Found a short sword.
Found a stone staircase leading down.
There is a stone staircase leading down here.
You climb downwards.
Found 13 gold pieces.
There is a stone staircase leading up here.
A giant cockroach comes into view.
A goblin comes into view. It is wielding a +0 club.
A goblin comes into view. It is wielding a +0 dagger.
The goblin shouts! x2
An ice beast comes into view.
You hear an angry hiss.
A jelly comes into view.
A scorpion comes into view.
The goblin misses you.
An adder comes into view.
The goblin closely misses you.
The adder hisses angrily.
You hit the goblin.
The goblin is heavily wounded.
You hit the goblin but do no damage. The goblin hits you with a +0 dagger.
The goblin hits you with a +0 club.
You hit the goblin.
You kill the goblin!
You hit the goblin. The goblin hits you with a +0 club.
A hobgoblin comes into view.
The hobgoblin shouts!
You hit the jelly. The acid corrodes you!
Your hands burn!
The jelly is moderately wounded.
You hit the goblin.
You kill the goblin!
The jelly barely misses you.
You hit the jelly but do no damage.
Your hands burn!
The jelly is moderately wounded.
You hit the giant cockroach but do no damage.
The giant cockroach barely misses you. The jelly misses you.
You hit the jelly. The acid corrodes you!
Your hands burn!
* * * LOW HITPOINT WARNING * * *
The jelly is severely wounded.
You completely miss the giant cockroach.
The giant cockroach bites you.
You die...

# #.####+#
######.##
#....$<####........
#.####.............
#######B#####..
..g.sSJ@.......
##...Y##.#####.
#.... .# #... +#
..... ..Y. ..s.


You could see an ice beast, a scorpion, a jelly, an adder, a giant cockroach and
a hobgoblin.

Vanquished Creatures
  2 goblins (D:4)
2 creatures vanquished.

Notes
Turn   | Place    | Note
-------+----------+-------------------------------------------
     0 | D:1      | gzilladon the Hill Orc Monk began the quest for the Orb.
     0 | D:1      | Reached XP level 1. HP: 19/19 MP: 1/1
    69 | D:4      | Noticed an ice beast
    70 | D:4      | Noticed a jelly
    70 | D:4      | Noticed a scorpion
    76 | D:4      | Slain by a giant cockroach

Illustrated notes

Levels and vault maps discovered:
D:1:      minmay_arrival_plants_in_alcoves, layout_rooms, serial_shops, shop,
          chequers_serial_rivers_large_b
D:2:      layout_rooms, hellmonk_ecumenical_altar_leap_of_faith,
          minmay_door_square, nicolae_concentric_dashed_squares_mild
D:3:      cheibrodos_fertilizer, layout_basic, lemuel_tele_altar,
          lemuel_zombie_altar_yredelemnul, serial_shops,
          nicolae_shop_behind_doors, serial_rivers,
          chequers_serial_rivers_small_a, chequers_serial_rivers_micro_c,
          chequers_serial_rivers_room_a, chequers_serial_rivers_micro_e,
          chequers_serial_rivers_small_a, kennysheep_generic_room_9
D:4:      layout_basic, grunt_temple_overflow_cloverleaf, uniq_pargi,
          uniq_menkaure, uniq_natasha

Action                   || total
-------------------------++-------
Melee: Hand axe          ||     5
Dodge: Dodged            ||     7
